 Dungeon Crawl Stone Soup version 0.28.0-43-g3370ac3207 (webtiles) character file.

Game seed: 15714709385745035982

254300 theElss the Warrior (level 19, -13/128 HPs)
             Began as a Gargoyle Berserker on Feb 28, 2022.
             Was a High Priest of Trog.
             Mangled by an iron troll (27 damage)
             ... on level 2 of the Depths on Mar 1, 2022.
             The game lasted 02:12:49 (41550 turns).

theElss the Warrior (Gargoyle Berserker)           Turns: 41550, Time: 02:12:49

Health: -13/128    AC: 45    Str: 26    XL:     19   Next: 74%
Magic:  19/19      EV: 11    Int:  9    God:    Trog [*****.]
Gold:   1985       SH: 24    Dex: 11    Spells: 18/18 levels left

rFire   + . .      SeeInvis +   b - +3 demon whip (vorpal)
rCold   + + .      Faith    .   v - +0 tower shield {rC+}
rNeg    + . .      Spirit   .   S - +2 plate armour {rF+}
rPois   ∞          Reflect  +   T - +1 hat {SInv}
rElec   +          Harm     .   G - +2 cloak
rCorr   .          Rampage  .   I - +2 pair of gloves
Will    +++++                   W - +1 pair of boots
Stlth   ..........              u - amulet of Conformity {Reflect Will+ Regen+ SH+5}
HPRegen 2.11/turn               h - ring of willpower
MPRegen 0.16/turn               P - ring of protection from cold

@: about to teleport, strong-willed, on berserk cooldown, flying, regenerating,
slowed, very slow
A: sickness immunity, AC +14, big wings, negative energy resistance 1,
electricity resistance, torment resistance 1, petrification resistance
}: 2/15 runes: serpentine, barnacled
a: Renounce Religion, Berserk, Trog's Hand, Brothers in Arms


You were on level 2 of the Depths.
You worshipped Trog.
Trog was extremely pleased with you.
You visited 6 branches of the dungeon, and saw 32 of its levels.
You also visited: Volcano.

You collected 2942 gold pieces.
You spent 957 gold pieces at shops.

Inventory:

Hand Weapons
 b - a +3 vorpal demon whip (weapon)
 k - a +5 whip of venom
 r - a +4 antimagic eveningstar
 Y - a +4 morningstar of flaming
Missiles
 a - 4 throwing nets
Armour
 j - a +2 kite shield of reflection
 v - a +0 tower shield of cold resistance (worn)
 G - a +2 cloak (worn)
 I - a +2 pair of gloves (worn)
 S - a +2 plate armour of fire resistance (worn)
 T - a +1 hat of see invisible (worn)
 W - a +1 pair of boots (worn)
Jewellery
 c - a ring of protection from fire
 h - a ring of willpower (left hand)
 i - a ring of protection from fire
 u - the amulet of Conformity (around neck) {Reflect Will+ Regen+ SH+5}
   (You bought it in a shop on level 1 of the Shoals)

   [amulet of reflection]

   It reflects blocked missile attacks.
   Regen:     It increases your rate of health regeneration.
   SH:        It affects your SH (+5).
   Will:      It increases your willpower.
 F - a ring of willpower
 N - a +4 ring of protection
 P - a ring of protection from cold (right hand)
 X - an amulet of faith
Wands
 C - a wand of digging (15)
 L - a wand of acid (19)
 M - a wand of mindburst (21)
 O - a wand of paralysis (11)
 Q - a wand of iceblast (23)
Scrolls
 d - a scroll of torment
 m - 6 scrolls of magic mapping
 n - 2 scrolls of acquirement
 q - a scroll of enchant weapon
 s - 22 scrolls of teleportation
 t - 5 scrolls of summoning
 x - a scroll of noise {unknown}
 B - 6 scrolls of fog
 E - 2 scrolls of holy word
 H - 7 scrolls of blinking
 K - 4 scrolls of fear
 U - 2 scrolls of enchant armour
Potions
 e - 2 potions of mutation
 f - 4 potions of attraction
 g - 8 potions of curing
 l - 5 potions of lignification
 o - 2 potions of heal wounds
 p - 5 potions of invisibility
 w - 4 potions of might
 D - 7 potions of ambrosia
 J - 3 potions of resistance
 R - a potion of cancellation
 V - 3 potions of haste


   Skills:
 - Level 17.3 Fighting
 - Level 16.0 Maces & Flails
 - Level 17.1 Armour
 - Level 13.5 Dodging
 + Level 16.8 Shields
 - Level 8.0 Evocations


You had 18 spell levels left.
You didn't know any spells.
Your spell library was empty.

Dungeon Overview and Level Annotations

Branches:
Dungeon (15/15)            Temple (1/1) D:5            Lair (6/6) D:11
 Shoals (4/4) Lair:4        Snake (4/4) Lair:3        Slime (0/5) Lair:5
    Orc (0/2) D:12         Vaults (0/5) D:13         Depths (2/4) D:15
Volcano (visited)

Altars:
Ashenzari
Cheibriados
Dithmenos
Elyvilon
Fedhas
Gozag
Hepliaklqana
Kikubaaqudgha
Makhleb
Nemelex Xobeh
Okawaru
Qazlal
Ru
Sif Muna
Trog
Uskayaw
Vehumet
Wu Jian
Xom
Yredelemnul
Zin
The Shining One

Shops:
D:1 *   D:5 [   D:10 *   Shoals:1 =   Shoals:4 [   Snake:3 [*=?

Portals:
Hell: Depths:1
Pandemonium: Depths:1
Ziggurat: Depths:1
Trove: D:14 (give +6 demon trident)


Innate Abilities, Weirdness & Mutations

You are immune to sickness and miasma.
Your stone body is resilient. (AC +14)
You are immune to poison.
Your large and strong wings let you fly.
You resist negative energy. (rN+)
You are resistant to electric shocks. (rElec)
You are resistant to unholy torment.
You are immune to petrification.


Message History

You whack the iron troll!
The iron troll is moderately wounded.
The spriggan air mage waves its arms in wide circles.
The air twists around and strikes you! You block the iron troll's attack.
The iron troll barely misses you. You block the iron troll's attack.
Unknown command.
Your two-headed ogre goes berserk!
You block the iron troll's attack. x3
Unknown command.
You swap places.
The iron troll bites your two-headed ogre!!
The iron troll barely misses your two-headed ogre.
The iron troll claws your two-headed ogre!
Your two-headed ogre hits the iron troll with a +0 giant club!!
Your two-headed ogre hits the iron troll but does no damage.
The spriggan air mage waves its arms in wide circles.
The air twists around and strikes you!!
* * * LOW HITPOINT WARNING * * *
The iron troll bites your two-headed ogre!!
The iron troll claws your two-headed ogre!!
The iron troll claws your two-headed ogre.
Your two-headed ogre dies!
Your two-headed ogre's corpse disappears in a puff of smoke!
You feel much better.
Unknown command.
You hit the iron troll but do no damage.
The iron troll is severely wounded.
The iron troll bites you! You block the iron troll's attack.
The iron troll claws you but does no damage.
The spriggan air mage waves its arms in wide circles.
The air twists around and strikes you! You block the iron troll's attack.
The iron troll claws you!
* * * LOW HITPOINT WARNING * * *
The iron troll claws you!!
* * * LOW HITPOINT WARNING * * *
As you read the scroll of teleportation, it crumbles to dust.
You feel strangely unstable. You block the iron troll's attack.
The iron troll claws you but does no damage.
The iron troll claws you!!
You die...

## #.####### #@##...
... ##T#.# ##### ...
##iC# #...# # ....
##.###.#.#.### .♣..}
#..##........
.....#####.#[#....####
......................
...........##.....####
#......<..........#


You could see a fire giant, an iron troll (fast, strong) and a spriggan air mage
(repels missiles).

Vanquished Creatures
  Vashnia (Snake:4)
  Rupert (D:13)
  Gastronok (D:9)
  Donald (Snake:1)
  Roxanne (Snake:1)
  The ghost of AyAyRon the Bludgeoner, an adept DsFi of Yredelemnul (D:15)
  3 nagarajas (Snake:4)
  A fire giant (Depths:1)
  2 frost giants
  A stone giant (Depths:1)
  5 very ugly things (Depths:1)
  2 dire elephants
  Azrael (Snake:1)
  5 merfolk javelineers
  6 merfolk impalers
  Josephine (Lair:4)
  2 fire dragons
  3 great orbs of eyes (Depths:1)
  9 hydras
  3 salamander tyrants (Snake:4)
  2 boulder beetles
  28 naga warriors
  5 ice dragons
  An ogre mage (D:13)
  The ghost of reggie the Markscentaur, a journeyman CeHu of Okawaru (D:10)
  An alligator snapping turtle (Shoals:4)
  7 two-headed ogres
  18 anacondas
  A catoblepas (D:14)
  12 centaur warriors
  A tengu warrior (D:14)
  3 deep troll shamans
  5 merfolk avatars
  5 satyrs
  2 merfolk aquamancers
  A death yak (Lair:6)
  2 deep troll earth magi
  8 shock serpents
  3 spriggan berserkers (Depths:1)
  21 naga sharpshooters
  Urug (D:13)
  3 iron trolls (Depths:1)
  2 spectral death yaks (Lair:6)
  A salamander mystic (Snake:4)
  A spectral anaconda (Lair:6)
  8 deep trolls
  11 sea snakes
  A glowing orange brain (Depths:1)
  7 naga ritualists
  An obsidian statue (Lair:6)
  A deep elf archer (Volcano)
  17 deep elf pyromancers
  A harpy (D:13)
  3 necromancers (Lair:6)
  A mana viper (shapeshifter) (D:13)
  An orc knight (D:15)
  18 ugly things
  4 deep elf zephyrmancers
  10 manticores
  14 salamanders
  8 mana vipers
  An oklob plant (Lair:3)
  A cyclops (shapeshifter) (D:8)
  18 cyclopes
  A wolf spider (D:15)
  24 fauns
  The ghost of DevastatorOne the Transmogrifier, a novice FeTm of Ashenzari (D:8)
  9 elephants (Lair:6)
  10 guardian serpents
  A moth of wrath (D:10)
  2 dire elephant zombies (Lair:6)
  13 naga magi
  2 water nymphs
  33 black mambas
  4 merfolk sirens
  2 eyes of devastation (Depths:1)
  2 gargoyles
  2 torpor snails
  An unseen horror (D:11)
  Maggie (D:8)
  17 cane toads
  A kobold demonologist (D:10)
  A demonic crawler (Lair:3)
  7 yaktaurs
  Psyche (D:11)
  9 komodo dragons
  A troll (shapeshifter) (D:15)
  6 trolls
  3 wind drakes
  18 merfolk
  6 polar bears
  Grinder (D:5)
  11 snapping turtles
  A hornet (Depths:1)
  2 dream sheep (Shoals:3)
  25 blink frogs
  3 slime creatures
  A spriggan (Depths:1)
  4 shadows
  6 wraiths
  A dire elephant simulacrum (Lair:6)
  9 wyverns
  13 water elementals
  A vampire (D:9)
  7 fire elementals
  58 yaks
  7 basilisks
  15 humans (D:13)
  3 steam dragons
  50 nagas
  9 vampire mosquitoes
  3 spectral cane toads (Lair:6)
  3 swamp worms (Lair:3)
  Duvessa (D:4)
  13 water moccasins
  8 hell hounds
  7 orc warriors
  A hornet zombie (D:7)
  5 black bears
  A necrophage (D:6)
  An elephant zombie (Lair:6)
  9 wolves
  3 ogres
  2 elephant skeletons (Lair:6)
  13 centaurs
  2 phantoms (D:6)
  5 kobold brigands
  14 bullfrogs
  3 scorpions
  A gnoll sergeant (D:7)
  2 wyvern zombies
  Dowan (D:4)
  2 troll zombies (D:12)
  2 elephant simulacra (Lair:6)
  11 killer bees
  7 howler monkeys
  4 electric eels
  8 centaur zombies
  A bullfrog skeleton (D:6)
  An orc priest (D:4)
  2 centaur skeletons
  5 jellies
  An iguana (D:5)
  Ijyb (D:4)
  6 orc wizards
  A scorpion zombie (D:5)
  A killer bee zombie (D:8)
  4 ogre zombies (D:12)
  2 howler monkey zombies (D:9)
  13 gnolls
  8 adders
  3 white imps
  3 dart slugs
  25 orcs
  3 endoplasms
  A giant cockroach (D:4)
  8 goblins
  3 hobgoblins
  7 jackals
  17 kobolds
  4 quokkas
  3 ball pythons
  3 bats
  2 frilled lizards
  A goblin skeleton (D:12)
  3 goblin zombies (D:12)
  3 hobgoblin zombies (D:12)
  7 orc skeletons (D:12)
  5 orc zombies (D:12)
  5 rats
1000 creatures vanquished.

Vanquished Creatures (collateral kills)
  An iron golem (Depths:1)
1 creature vanquished.

Vanquished Creatures (others)
  A fire giant (Depths:1)
  A rakshasa (Depths:1)
  A salamander mystic (Snake:4)
  A deep elf pyromancer (D:14)
  A mana viper (Snake:4)
  A black mamba (Snake:3)
  A human (D:13)
  2 nagas
  A bullfrog (D:11)
  A butterfly (D:13)
  A fire vortex (Lair:2)
  26 fungi
  232 plants
  17 withered plants (Lair:6)
287 creatures vanquished.

Grand Total: 1288 creatures vanquished

Notes
Turn   | Place    | Note
-------+----------+-------------------------------------------
     0 | D:1      | theElss the Gargoyle Berserker began the quest for the Orb.
     0 | D:1      | Reached XP level 1. HP: 14/14 MP: 1/1
   162 | D:1      | Reached XP level 2. HP: 19/19 MP: 2/2
   483 | D:1      | Found Xyscheos's Assorted Antiques.
   793 | D:2      | Reached XP level 3. HP: 23/23 MP: 3/3
   869 | D:2      | Reached ** piety under Trog
   870 | D:2      | Reached XP level 4. HP: 29/29 MP: 4/4
  1192 | D:2      | Found a faded altar of an unknown god.
  1534 | D:3      | Reached XP level 5. HP: 29/33 MP: 5/5
  1735 | D:3      | Found a radiant altar of Vehumet.
  1787 | D:3      | Noticed a centaur
  1797 | D:3      | Killed a centaur
  2108 | D:4      | Reached XP level 6. HP: 39/39 MP: 6/6
  2110 | D:4      | Found a glowing silver altar of Zin.
  2312 | D:4      | Noticed Ijyb
  2326 | D:4      | Killed Ijyb
  2566 | D:4      | Noticed Dowan
  2567 | D:4      | Noticed Duvessa
  2580 | D:4      | Killed Duvessa
  2581 | D:4      | Reached skill level 5 in Fighting
  2581 | D:4      | Reached XP level 7. HP: 44/44 MP: 5/7
  2586 | D:4      | Killed Dowan
  3311 | D:5      | Entered Level 5 of the Dungeon
  3311 | D:5      | Found Anuk's Antique Armour Shoppe.
  3477 | D:5      | Reached skill level 1 in Shields
  3480 | D:5      | Reached skill level 5 in Maces & Flails
  3670 | D:5      | Noticed Grinder
  3681 | D:5      | Killed Grinder
  3682 | D:5      | Reached skill level 5 in Armour
  3682 | D:5      | Reached XP level 8. HP: 51/51 MP: 6/8
  3908 | D:5      | Found a staircase to the Ecumenical Temple.
  4038 | Temple   | Entered the Ecumenical Temple
  4950 | D:5      | Reached XP level 9. HP: 41/56 MP: 7/9
  5119 | D:6      | Found a broken altar of Ashenzari.
  5119 | D:6      | Found a hazy altar of Hepliaklqana.
  5120 | D:6      | Found a stormy altar of Qazlal.
  5600 | D:7      | Reached skill level 5 in Dodging
  5606 | D:7      | Reached *** piety under Trog
  5942 | D:7      | Identified the +1 leather armour "Muehu" {rElec rPois rF-
                  | Regen+}
  6126 | D:7      | Reached skill level 5 in Shields
  6239 | D:7      | Found a shimmering blue altar of Sif Muna.
  6239 | D:7      | Found an opulent altar of Gozag.
  6443 | D:8      | Noticed a boulder beetle
  6715 | D:9      | Noticed a two-headed ogre
  6725 | D:9      | Killed a two-headed ogre
  6726 | D:9      | Reached XP level 10. HP: 58/64 MP: 5/10
  6851 | D:9      | Identified the +7 chain mail of Racvun {Str+3}
  7029 | D:9      | Noticed a two-headed ogre
  7039 | D:9      | Killed a two-headed ogre
  7132 | D:9      | Noticed a two-headed ogre
  7132 | D:9      | Noticed a two-headed ogre
  7156 | D:9      | Killed a two-headed ogre
  7166 | D:9      | Killed a two-headed ogre
  7228 | D:9      | Reached XP level 11. HP: 71/71 MP: 3/11
  7518 | D:9      | Noticed a deep elf pyromancer
  7519 | D:9      | Noticed Gastronok
  7551 | D:9      | Killed a deep elf pyromancer
  7577 | D:9      | Killed Gastronok
  7905 | D:8      | Found a transporter.
  7909 | D:8      | Noticed DevastatorOne's ghost (novice FeTm)
  7916 | D:8      | Found a transporter.
  8006 | D:8      | Killed a boulder beetle
  8659 | D:8      | Found a shimmering altar of Xom.
  8911 | D:10     | Entered Level 10 of the Dungeon
  9004 | D:10     | Reached skill level 10 in Fighting
  9019 | D:10     | Noticed a two-headed ogre
  9021 | D:10     | Noticed reggie's ghost (journeyman CeHu)
  9024 | D:10     | Noticed a two-headed ogre
  9025 | D:10     | Noticed a deep troll
  9029 | D:10     | Found a bloodstained altar of Trog.
  9046 | D:10     | Found a transporter.
  9046 | D:10     | Noticed a moth of wrath
  9055 | D:10     | Found a transporter.
  9225 | D:10     | Noticed a centaur warrior
  9225 | D:10     | Noticed a purple ugly thing
  9236 | D:10     | Killed a purple ugly thing
  9242 | D:10     | Killed a centaur warrior
  9243 | D:10     | Reached XP level 12. HP: 77/77 MP: 9/12
  9285 | D:10     | Noticed an ice dragon
  9285 | D:10     | Noticed a fire dragon
  9298 | D:10     | Killed an ice dragon
  9318 | D:10     | Killed a fire dragon
  9482 | D:10     | Reached skill level 10 in Armour
  9489 | D:10     | Reached **** piety under Trog
  9569 | D:10     | Found Emufoana's Fire Supplies.
  9616 | D:10     | Noticed a sun demon
 10142 | D:11     | Noticed Psyche
 10155 | D:11     | Killed Psyche
 10362 | D:11     | Found a staircase to the Lair.
 10506 | D:8      | Killed DevastatorOne's ghost
 10530 | D:8      | Noticed Maggie
 10675 | D:8      | Killed Maggie
 10759 | Lair:1   | Entered Level 1 of the Lair of Beasts
 10824 | Lair:1   | You fall into a shaft and drop 1 floor!
 10917 | Lair:2   | Reached skill level 10 in Maces & Flails
 10976 | Lair:2   | Found a dark tunnel.
 10987 | Volcano  | Entered a volcano
 11315 | Volcano  | Reached XP level 13. HP: 82/84 MP: 11/13
 11552 | Volcano  | Reached skill level 10 in Shields
 14245 | Lair:3   | Identified the +8 chain mail of Quiescent the Good {Str+3}
 14456 | Lair:3   | Found a staircase to the Snake Pit.
 15314 | Lair:4   | Found a staircase to the Shoals.
 15453 | Lair:4   | Reached ***** piety under Trog
 15600 | Lair:4   | Noticed Josephine
 15715 | Lair:3   | Gained mutation: Your large and strong wings let you fly.
                  | [Gargoyle growth]
 15715 | Lair:3   | Reached XP level 14. HP: 82/92 MP: 12/14
 15824 | Lair:4   | Killed Josephine
 16323 | Lair:5   | Found a staircase to the Slime Pits.
 17310 | Lair:6   | Entered Level 6 of the Lair of Beasts
 17431 | Lair:6   | Received a gift from Trog
 17693 | Lair:6   | Reached skill level 10 in Dodging
 17763 | Lair:6   | Noticed a dire elephant
 18452 | Lair:6   | Reached skill level 1 in Evocations
 19382 | Lair:6   | Found the +7 Singing Sword {vorpal, sonic wave}
 19908 | Lair:6   | Reached XP level 15. HP: 80/99 MP: 13/15
 21469 | D:12     | Found a staircase to the Orcish Mines.
 23707 | D:13     | Noticed Urug
 23708 | D:13     | Found a gate to the Vaults.
 23727 | D:13     | Killed Urug
 23922 | D:13     | Noticed Rupert
 23953 | D:13     | Killed Rupert
 24106 | D:13     | You are sucked into a shaft and drop 2 floors!
 24106 | D:15     | Entered Level 15 of the Dungeon
 24138 | D:15     | Received a gift from Trog
 25178 | D:14     | Found a portal to a secret trove of treasure.
 25254 | D:14     | Reached XP level 16. HP: 90/106 MP: 14/16
 25899 | D:13     | Found a white marble altar of Elyvilon.
 26409 | D:15     | Found a staircase to the Depths.
 26414 | D:15     | Reached skill level 5 in Evocations
 26699 | D:15     | Found a bloodstained altar of Trog.
 27092 | D:15     | Found a runed translucent door.
 27103 | D:15     | Received a gift from Trog
 27569 | D:15     | Noticed AyAyRon's ghost (adept DsFi)
 27603 | D:15     | Killed AyAyRon's ghost
 27751 | D:10     | Killed reggie's ghost
 28040 | Shoals:1 | Entered Level 1 of the Shoals
 28320 | Shoals:1 | Found Ackiet's Jewellery Emporium.
 29264 | Shoals:1 | Bought the amulet of Conformity {Reflect Will+ Regen+ SH+5}
                  | for 852 gold pieces
 30333 | Shoals:3 | Reached skill level 15 in Fighting
 30465 | Shoals:3 | Reached XP level 17. HP: 107/113 MP: 5/17
 30473 | Shoals:3 | Received a gift from Trog
 31141 | Shoals:4 | Entered Level 4 of the Shoals
 31410 | Shoals:3 | Reached skill level 15 in Armour
 31704 | Shoals:4 | Found Ugeytwif's Armour Emporium.
 31977 | Shoals:4 | Got a barnacled rune of Zot
 31995 | Shoals:4 | Received a gift from Trog
 32708 | Snake:1  | Entered Level 1 of the Snake Pit
 33528 | Snake:1  | Noticed Donald
 33547 | Snake:1  | Killed Donald
 33595 | Snake:1  | Identified Roxanne's Collected Works on Changing
 33595 | Snake:1  | Noticed Roxanne
 33977 | Snake:1  | Reached XP level 18. HP: 120/120 MP: 6/18
 34070 | Snake:1  | Noticed Azrael
 34087 | Snake:1  | Killed Azrael
 34088 | Snake:1  | Reached skill level 15 in Shields
 34451 | Snake:1  | Killed Roxanne
 34529 | Snake:2  | Received a gift from Trog
 35738 | Snake:3  | Reached skill level 15 in Maces & Flails
 35776 | Snake:3  | Found Imeekoci's Antique Armour Shoppe.
 35778 | Snake:3  | Found Jenetha's Jewellery Emporium.
 35778 | Snake:3  | Found Cirgh's General Store.
 35782 | Snake:3  | Found Ynlufin's Magic Scroll Emporium.
 35866 | Snake:3  | Bought a scroll of blinking for 105 gold pieces
 36504 | Snake:3  | Received a gift from Trog
 37161 | Snake:4  | Entered Level 4 of the Snake Pit
 38404 | Snake:4  | Reached XP level 19. HP: 127/127 MP: 19/19
 38872 | Snake:4  | Received a gift from Trog
 38968 | Snake:4  | Noticed Vashnia
 39022 | Snake:4  | Killed Vashnia
 39244 | Snake:4  | Got a serpentine rune of Zot
 39961 | Depths:1 | Entered Level 1 of the Depths
 40263 | Depths:1 | Found a one-way gate leading to the halls of Pandemonium.
 40277 | Depths:1 | Found a one-way gateway to a ziggurat.
 40457 | Depths:1 | Identified the +9 scimitar of True Grit {spect, rN+}
 40758 | Depths:1 | Identified 2 scrolls of acquirement
 40931 | Depths:1 | Found a gateway to Hell.
 41222 | Depths:1 | Found a snail-covered altar of Cheibriados.
 41550 | Depths:2 | Mangled by an iron troll

Illustrated notes

Levels and vault maps discovered:
D:1:      erik_arrival_cave_to_civilisation [erik_arrival_cave_to_hall],
          layout_basic, serial_shops, shop
D:2:      layout_rooms, ebering_ecumenical_altar_sacrificial,
          minmay_tetromino_i2
D:3:      layout_basic, lemuel_crystal_altar, kennysheep_generic_room_5
D:4:      layout_cave_pods, nicolae_overflow_crystal_walls, kennysheep_doodads,
          uniq_ijyb, uniq_duvessa
D:5:      layout_cave_pools, temple_hall_moat, serial_shops, shop, uniq_grinder
D:6:      layout_cave_pools, chequers_temple_overflow_statue_of_worship,
          serial_bayou_pond_a, chequers_big_river
D:7:      layout_loops_cross, gammafunk_temple_overflow_wave
D:8:      layout_cave_pools, mainiacjoe_overflow_boulevard, serial_column_ruins,
          column_ruins_pillar_10, column_ruins_pillar_1, column_ruins_pillar_6,
          column_ruins_pillar_1, column_ruins_pillar_9, column_ruins_pillar_1,
          column_ruins_pillar_2, column_ruins_pillar_4, column_ruins_pillar_3,
          column_ruins_pillar_1, column_ruins_pillar_3, column_ruins_pillar_6,
          column_ruins_pillar_1, column_ruins_pillar_3, gammafunk_ghost_arena,
          hex_tiny, nicolae_zen_rock_garden, uniq_maggie
D:9:      layout_roguey, minmay_joined_circles, uniq_gastronok
D:10:     minmay_shrinking_squares, layout_layer_cave,
          gammafunk_ghost_wrathful_warriors, nicolae_shop_fire_sale
          [nicolae_sub_dead_trees]
D:11:     layout_rooms, grunt_lair_entry_orc_guard_hut, uniq_psyche
D:12:     layout_layer_cave, zombieorc1_lemuel, evilmike_butchery
D:13:     minmay_crescents, layout_stronghold, david_vaults_3,
          nicolae_elyvilon_peaceful_grove
D:14:     layout_cave_pools, nicolae_trove_entry_columns, serial_glass,
          glass_columns_b, glass_columns_a, infiniplex_staircase_star,
          gauntlet_entry_generic, elves_outpost_lemuel
D:15:     hangedman_depths_entry_try_elsewhere_first, layout_stronghold,
          amcnicky_mini_pool_small, ebering_ghost_reflecting_pool,
          nicolae_two_hexagons, dk_noncrumbling_4, trog_three_pillars_becter
Temple:   eino_temple_water
Lair:1:   layout_loops_ring, gammafunk_lair_bear_cave
Lair:2:   dpeg_oklob_shooting_range, layout_gridlike,
          nicolae_volcano_entry_lava_flow, nicolae_quartered_pool_medium,
          st_stairs_3, infiniplex_staircase_pool, serial_bayou_shore_a
Lair:3:   layout_cave_shapes, guppyfry_snake_entry_island, worms_lemuel,
          uniq_rupert
Lair:4:   layout_loops_ring, minmay_shoals_entry_centaurs, uniq_josephine
Lair:5:   layout_roguey, nicolae_slime_entry_slimehenge
Lair:6:   due_jungle_book, layout_misc_corridors, minivault_24, st_stairs_11,
          infiniplex_staircase_pool_2
Shoals:1: layout_shoals, serial_shops, nicolae_shop_stone, st_shoals_ruin
Shoals:2: layout_shoals
Shoals:3: layout_shoals, centaur_isle
Shoals:4: shoals_end_grunt_garden, layout_shoals, serial_shops, shop_coins
Snake:1:  layout_chambers, nicolae_snake_double_loop,
          nicolae_snake_coiling_death, uniq_donald, uniq_roxanne, uniq_azrael
Snake:2:  layout_onion_interference
Snake:3:  layout_onion, nicolae_snake_snakewalk, minmay_shoptagon
Snake:4:  grunt_snake_rune_serpentine_throne, layout_onion, serial_bayou_shore_b
Depths:1: layout_long_grid, enter_ziggurat_c, rand_demon_pan_entry_3,
          nicolae_lava_and_water, grunt_hell_entry_dis_grunt, slow_altar_2
Depths:2: minmay_outward_triangles, layout_basic, pan_entry, grunt_metal_band,
          minmay_staircase_bubble, firewood_loft, kennysheep_random_hallway,
          roderic_lattice_octagonal_star, serial_bayou_shore_b

Skill      XL: |  1  2  3  4  5  6  7  8  9 10 11 12 13 14 15 16 17 18 19 |
---------------+----------------------------------------------------------+-----
Dodging        | 2 3 4 5 6 7 8 9 10 11 12 13 | 13.5
Armour         | 3 4 5 6 7 8 9 10 12 13 14 15 16 17 | 17.1
Fighting       | 4 5 6 7 9 10 11 12 13 14 15 16 17 | 17.3
Maces & Flails | 4 5 6 7 8 9 10 11 12 13 14 15 16 | 16.0
Shields        | 2 3 5 7 8 9 11 12 13 14 15 16 | 16.8
Evocations     | 2 4 6 7 8 |  8.0

Action                   |  1- 3 |  4- 6 |  7- 9 | 10-12 | 13-15 | 16-18 | 19-21 || total
-------------------------+-------+-------+-------+-------+-------+-------+-------++-------
Melee: Mace              |    56 |    30 |       |       |       |       |       ||    86
       Whip              |       |   100 |   380 |   810 |  2550 |       |       ||  3840
       Punch             |       |     1 |       |       |       |       |       ||     1
       Morningstar       |       |       |       |       |   111 |   165 |       ||   276
       Eveningstar       |       |       |       |       |       |  1129 |       ||  1129
       Demon whip        |       |       |       |       |       |   753 |   681 ||  1434
Invok: Berserk           |     1 |     4 |    11 |    14 |    19 |    14 |    11 ||    74
       Trog's Hand       |       |     1 |       |     7 |     4 |     7 |     3 ||    22
       Brothers in Arms  |       |       |       |       |     1 |     1 |     2 ||     4
Evoke: Wand              |       |       |       |       |       |       |     1 ||     1
  Use: Scroll            |       |       |     6 |     6 |     6 |     9 |     5 ||    32
       Potion            |       |       |     1 |     3 |     1 |     1 |     1 ||     7
 Stab: Invisible         |       |       |       |     1 |       |       |       ||     1
Armor: Chain mail        |    28 |    73 |   304 |   519 |  1270 |   886 |    82 ||  3162
       Animal skin       |     1 |       |       |       |       |       |       ||     1
       Plate armour      |       |       |       |       |       |       |   193 ||   193
Dodge: Dodged            |    28 |    40 |   153 |   239 |   812 |   620 |   151 ||  2043
Block: Kite shield       |       |       |   174 |   393 |  1197 |  1704 |   208 ||  3676
       Reflection        |       |       |       |       |       |   197 |    33 ||   230
       Tower shield      |       |       |       |       |       |       |   359 ||   359
